 Dungeon Crawl Stone Soup version 0.21-a0-196-g6a663c0 (webtiles) character file.

396 tehllama the Insei (level 6, -3/38 HPs)
             Began as an Octopode Transmuter on Aug 16, 2017.
             Slain by Jeffwins's ghost (8 damage)
             ... on level 4 of the Dungeon.
             The game lasted 00:08:19 (4813 turns).

tehllama the Insei (Octopode Transmuter)            Turns: 4813, Time: 00:08:20

Health: -3/38      AC:  1    Str: 11    XL:     6   Next: 82%
Magic:  1/18       EV: 13    Int: 16    God:
Gold:   168        SH:  0    Dex: 12    Spells: 3/9 levels left

rFire    . . .     SeeInvis .     - Unarmed
rCold    . . .     Gourm    .   (no shield)
rNeg     . . .     Faith    .   (helmet restricted)
rPois    .         Spirit   .   (no amulet)
rElec    .         Reflect  .   (no ring)
rCorr    .         Harm     .   x - ring of magical power
MR       .....                  (no ring)
Stlth    ++++......             (no ring)
HPRegen  0.12/turn              (no ring)
MPRegen  0.16/turn              (no ring)
                                (no ring)
                                (no ring)

@: appendage, very slightly contaminated
A: almost no armour, stealthy swim, amphibious, 8 rings, constrict 8, tentacle
spike 3, camouflage 1, gelatinous body 1
a: End Transformation


You were on level 4 of the Dungeon.
You were hungry.
One of your tentacles had a temporary spike.
You visited 1 branch of the dungeon, and saw 5 of its levels.

You collected 168 gold pieces.

Inventory:

Hand Weapons
 u - a +0 blowgun
Missiles
 a - 3 arrows
 p - 3 silver javelins (quivered)
 v - 8 poisoned needles
Jewellery
 x - a ring of magical power (right tentacle)
Scrolls
 e - a scroll of identify {unknown}
 f - a scroll of blinking {unknown}
 g - 2 scrolls of remove curse
 h - a scroll of teleportation {unknown}
 m - a scroll of noise {unknown}
 n - a scroll of fear {unknown}
 q - 2 scrolls of enchant armour {unknown}
 s - a scroll of immolation {unknown}
Potions
 j - a potion of lignification {unknown}
 k - a potion of agility {unknown}
 o - a potion of haste {unknown}
 r - 2 potions of berserk rage {unknown}
Books
 b - a book of Changes

   Spells                             Type                      Level
   a - Beastly Appendage              Transmutation                1
   b - Sticks to Snakes               Transmutation                2
   c - Spider Form                    Transmutation/Poison         3
   d - Ice Form                       Ice/Transmutation            4
   e - Blade Hands                    Transmutation                5
 d - a book of Maledictions

   Spells                             Type                      Level
   a - Corona                         Hexes                        1
   b - Ensorcelled Hibernation        Hexes/Ice                    2
   c - Confuse                        Hexes                        3
   d - Tukima's Dance                 Hexes                        3
   e - Dazzling Spray                 Conjuration/Hexes            3
Comestibles
 c - 5 bread rations
 i - 3 royal jellies
 l - a meat ration
 t - a fruit
 w - 3 chunks of flesh


   Skills:
 - Level 1.0 Fighting
 + Level 0.8 Throwing
 + Level 2.2 Dodging
 + Level 5.4 Stealth
 * Level 5.6 Unarmed Combat
 + Level 2.2 Spellcasting
 + Level 2.2 Transmutations
 + Level 1.2 Poison Magic


You had 3 spell levels left.
You knew the following spells:

 Your Spells              Type           Power        Failure   Level  Hunger
a - Beastly Appendage     Tmut           #.....       8%          1    #......
b - Sticks to Snakes      Tmut           #.......     12%         2    ###....
c - Spider Form           Tmut/Pois      #.........   30%         3    ###....


Dungeon Overview and Level Annotations

Branches:
Dungeon (5/15)
 Temple: D:4-7

Altars:

Annotations:
D:3 Blomdor's ghost, amateur BaFi
D:4 Jeffwins's ghost, amateur OgGl


Innate Abilities, Weirdness & Mutations

You cannot wear most types of armour.
You are very stealthy in the water. (Stealth+)
You are amphibious.
You can wear up to eight rings at the same time.
You can use your tentacles to constrict eight enemies at once.
Your skin changes colour to match your surroundings (Stealth+).
Your rubbery body absorbs attacks. (AC +1, EV +1)
One of your tentacles bears a large vicious spike.


Message History

Casting: Spider Form
Confirm with . or Enter, or press ? or * to list all spells.
One of your tentacles grows a vicious spike.
Your adder closely misses Jeffwins's ghost.
Your adder barely misses Jeffwins's ghost.
Your ball python misses Jeffwins's ghost.
Jeffwins's ghost says, "One skewered Octopus, coming right up."
Jeffwins's ghost hits you!
You tentacle-slap Jeffwins's ghost.
Your tentacle spike misses Jeffwins's ghost.
Jeffwins's ghost is lightly damaged.
Your adder bites Jeffwins's ghost.
Your adder misses Jeffwins's ghost.
Your ball python misses Jeffwins's ghost.
Jeffwins's ghost hits you!
* * * LOW HITPOINT WARNING * * *
Your adder closely misses Jeffwins's ghost.
Your adder misses Jeffwins's ghost.
Your ball python completely misses Jeffwins's ghost.
Jeffwins's ghost hits you!
You die...

#......#....#.......#..#.........
####'###....#####..##'##....####.
#...............####........#..#.
#............... #........'..#.
#............... #........#..#.
#...............####........#..#.
#.....########.........###'##..#.
#.....#...'..#...SS....#.......#.
#.....'...#..#..@WS....#.......#
#.....#...#..#.........###'##..#
......#...#..#..............#..#
......#'###..#..............#..#
.####....##..#....#####.....#..#
.# #....#...#....# #.....#### .#
#....'...#....# #.>...# .#
#....#...#....# #.....# ...
.....#####.. #.....#


You could see Jeffwins's ghost, 2 friendly adders and a friendly ball python.

Vanquished Creatures
  An ogre (D:4)
  A scorpion (D:4)
  A hound (D:4)
  3 worker ants (D:4)
  4 adders
  3 worms
  3 dart slugs
  A leopard gecko (D:4)
  3 orcs (D:3)
  4 giant cockroaches
  8 goblins
  5 hobgoblins
  7 jackals
  A quokka (D:3)
  8 bats
  4 frilled lizards
  7 kobolds
  3 rats
67 creatures vanquished.

Vanquished Creatures (collateral kills)
  A phantom (D:4)
1 creature vanquished.

Grand Total: 68 creatures vanquished

Notes
Turn   | Place    | Note
-------+----------+-------------------------------------------
     0 | D:1      | tehllama the Octopode Transmuter began the quest for the Orb.
     0 | D:1      | Reached XP level 1. HP: 13/13 MP: 3/3
   180 | D:1      | Reached XP level 2. HP: 14/18 MP: 3/5
   784 | D:1      | Reached XP level 3. HP: 23/23 MP: 4/6
  1186 | D:1      | Reached skill level 1 in Stealth
  1976 | D:2      | Reached XP level 4. HP: 11/28 MP: 5/7
  2606 | D:3      | Noticed Blomdor's ghost (amateur BaFi)
  2626 | D:3      | Learned a level 2 spell: Sticks to Snakes
  2637 | D:4      | Noticed Jeffwins's ghost (amateur OgGl)
  2799 | D:4      | Learned a level 3 spell: Spider Form
  3513 | D:3      | You fall through a shaft for 2 floors!
  3513 | D:5      | Entered Level 5 of the Dungeon
  3543 | D:4      | Reached XP level 5. HP: 16/33 MP: 0/8
  3732 | D:4      | Noticed a phantom
  3756 | D:4      | Killed a phantom
  3756 | D:4      | Reached skill level 5 in Unarmed Combat
  4234 | D:4      | Reached skill level 5 in Stealth
  4234 | D:4      | Reached XP level 6. HP: 38/38 MP: 5/9
  4321 | D:4      | Noticed a phantom
  4619 | D:4      | Reached skill level 1 in Poison Magic
  4813 | D:4      | Slain by Jeffwins's ghost

Vault maps used:
D:1:      eino_arrival_water_cross, roderic_roman_lattice
D:4:      first_bread
D:5:      serial_shops, shop

Skill      XL: |  1  2  3  4  5  6 |
---------------+-------------------+-----
Unarmed Combat | 4 5 |  5.6
Stealth        | 2 3 5 |  5.4
Poison Magic   | 1 |  1.2
Fighting       | |  1.0
Throwing       | |  0.8
Dodging        | |  2.2
Spellcasting   | |  2.2
Transmutations | |  2.2

Action                   |  1- 3 |  4- 6 || total
-------------------------+-------+-------++-------
Melee: Unarmed           |    74 |    90 ||   164
       Constrict         |    16 |    14 ||    30
       Kick              |    13 |    18 ||    31
       Tentacles         |     8 |     9 ||    17
Throw: Javelin           |       |     2 ||     2
 Cast: Beastly Appendage |    13 |    21 ||    34
       Spider Form       |       |     4 ||     4
       Sticks to Snakes  |       |     9 ||     9
  Use: Potion            |       |     2 ||     2
       Scroll            |       |     2 ||     2
 Stab: Sleeping          |     4 |    10 ||    14
       Distracted        |       |     1 ||     1
  Eat: Chunk             |     3 |     8 ||    11
       Fruit             |       |     3 ||     3
Armor: Skin              |     2 |     3 ||     5
Dodge: Dodged            |    46 |    61 ||   107
